 Dungeon Crawl Stone Soup version 0.23.2-40-g277498a001 (webtiles) character file.

Game seed: 6748322775675984352

67 DenSaoPin the Charmwright (level 4, 0/34 HPs)
             Began as a Demonspawn Skald on Oct 10, 2019.
             Slain by an adder (2 damage)
             ... on level 3 of the Dungeon.
             The game lasted 00:08:00 (3029 turns).

DenSaoPin the Charmwright (Demonspawn Skald)        Turns: 3029, Time: 00:08:01

Health: 0/34       AC:  3    Str: 10 (12) XL:     4   Next: 0%
Magic:  7/7        EV: 12    Int: 11 (13) God:
Gold:   94         SH:  0    Dex:  9 (12) Spells: 2/7 levels left

rFire    + + .     SeeInvis .   a - +0 falchion
rCold    + . .     Gourm    .   (no shield)
rNeg     . . .     Faith    .   b - +0 leather armour
rPois    +         Spirit   .   (helmet restricted)
rElec    +         Reflect  .   (no cloak)
rCorr    +         Harm     .   (no gloves)
MR       +....                  (no boots)
Stlth    +.........             (no amulet)
HPRegen  0.11/turn              (no ring)
MPRegen  0.10/turn              (no ring)

@: lethally poisoned (0 -> -3), resistant, starving
A: antennae 2, dopey 1, fire resistance 1, magic resistance 1, sturdy frame 1
a: no special abilities


You were on level 3 of the Dungeon.
You were starving.

You visited 1 branch of the dungeon, and saw 3 of its levels.

You collected 94 gold pieces.

Inventory:

Hand Weapons
 a - a +0 falchion (weapon)
Armour
 b - a +0 leather armour (worn)
 k - a cursed -2 chain mail
 q - a cursed +0 leather armour
Jewellery
 e - a +5 ring of dexterity {unknown}
Scrolls
 f - a scroll of blinking {unknown}
 g - 2 scrolls of teleportation {unknown}
 h - a scroll of amnesia {unknown}
 i - 3 scrolls of identify {unknown}
 j - a scroll of random uselessness {unknown}
 n - 4 scrolls of immolation {unknown}
 o - a scroll of noise {unknown}
 p - a scroll of enchant armour {unknown}
 r - a scroll of magic mapping {unknown}
Potions
 c - a potion of resistance
Comestibles
 d - 5 rations


   Skills:
 + Level 2.7 Fighting
 + Level 2.4 Long Blades
 - Level 1.1 Armour
 + Level 2.5 Dodging
 - Level 2.1 Spellcasting
 - Level 2.9 Charms


You had 2 spell levels left.
You knew the following spells:

 Your Spells              Type           Power        Failure   Level  Hunger
a - Infusion              Chrm           #...         10%         1    ##.....
b - Shroud of Golubria    Chrm/Tloc      #.........   26%         2    ###....
c - Song of Slaying       Chrm           #.......     14%         2    ###....

Your spell library contained the following spells:

 Spells                   Type           Power        Failure   Level  Hunger
 Regeneration             Chrm/Necr      #.........   45%         3    ####...
 Spectral Weapon          Hex/Chrm       #.......     45%         3    ####...


Dungeon Overview and Level Annotations

Branches:
Dungeon (3/15)

Altars:


Innate Abilities, Weirdness & Mutations

You have a pair of antennae on your head.
Your movements are slightly less encumbered by armour. (ER -2)
You are dopey. (Int -2)
Your flesh is heat resistant. (rF+)
You are resistant to hostile enchantments. (MR+)


Message History

The antennae on your head grow some more.
The adder barely misses you.
You barely miss the adder.
The adder is severely wounded.
* * * LOW HITPOINT WARNING * * *
You feel sick. The adder barely misses you. The adder closely misses you.
You riposte.
You miss the adder.
The adder is severely wounded.
You closely miss the adder.
The adder is severely wounded.
* * * LOW HITPOINT WARNING * * *
You feel sick. The adder bites you.
* * * LOW HITPOINT WARNING * * *
You closely miss the adder.
The adder is severely wounded.
The adder closely misses you. x2
You hit the adder but do no damage.
The adder is severely wounded.
The adder bites you.
You die...

.......##.#...#.##
...................
............#.#.###
............+...#
............##.##
#####...)...# [.
#.......# #+#
#.......# #....@..#
#.....S...#
#.........#
#.........#
#.....##### #.....
#..... #.....


You could see an adder.

Vanquished Creatures
  2 adders (D:2)
  A worm (D:2)
  A dart slug (D:1)
  4 leopard geckos
  2 orcs
  A giant cockroach (D:1)
  A goblin (D:2)
  5 hobgoblins
  4 kobolds
  A quokka (D:2)
  7 bats
  3 frilled lizards
  7 rats (D:1)
39 creatures vanquished.

Notes
Turn   | Place    | Note
-------+----------+-------------------------------------------
     0 | D:1      | DenSaoPin the Demonspawn Skald began the quest for the Orb.
     0 | D:1      | Reached XP level 1. HP: 16/16 MP: 3/3
    98 | D:1      | Reached skill level 1 in Armour
   120 | D:1      | Gained mutation: Your movements are slightly less
                  | encumbered by armour. (ER -2) [demonic ancestry]
   120 | D:1      | Reached XP level 2. HP: 15/22 MP: 5/5
   131 | D:1      | Learned a level 2 spell: Shroud of Golubria
   134 | D:1      | Learned a level 2 spell: Song of Slaying
  1141 | D:1      | Reached XP level 3. HP: 28/28 MP: 6/6
  3002 | D:3      | Gained mutation: You have a pair of small antennae on your
                  | head. [demonic ancestry]
  3002 | D:3      | Reached XP level 4. HP: 15/34 MP: 5/7
  3025 | D:3      | Gained mutation: You are resistant to hostile enchantments.
                  | (MR+) [potion of mutation]
  3025 | D:3      | Gained mutation: You are dopey. (Int -2) [potion of
                  | mutation]
  3025 | D:3      | Gained mutation: Your flesh is heat resistant. (rF+)
                  | [potion of mutation]
  3025 | D:3      | Gained mutation: You have a pair of antennae on your head.
                  | [potion of mutation]
  3029 | D:3      | Slain by an adder

Skill      XL: |  1  2 |
---------------+-------+-----
Armour         | 1 |  1.1
Dodging        | 2 |  2.5
Long Blades    | 2 |  2.4
Fighting       | |  2.7
Spellcasting   | |  2.1
Charms         | |  2.9

Action                   |  1- 3 |  4- 6 || total
-------------------------+-------+-------++-------
Melee: Falchion          |   129 |    19 ||   148
 Cast: Song of Slaying   |     3 |       ||     3
       Shroud of Golubri |     2 |       ||     2
       Infusion          |     1 |       ||     1
  Use: Potion            |       |     3 ||     3
  Eat: Chunk             |     5 |       ||     5
Armor: Leather armour    |    43 |     4 ||    47
Dodge: Dodged            |    90 |    20 ||   110
       Rpst.: Falchion   |    34 |     7 ||    41
